 Dungeon Crawl Stone Soup version 0.16.0-16-g311141a (webtiles) character file.

9823 McCoppin the Fighter (level 11, 0/85 HPs)
             Began as an Octopode Assassin on Mar 19, 2015.
             Was an Elder of Okawaru.
             Succumbed to a killer bee's poison
             ... on level 10 of the Dungeon.
             The game lasted 01:19:38 (15658 turns).

McCoppin the Fighter (Octopode Assassin)           Turns: 15658, Time: 01:19:38

Health: 0/85       AC:  6    Str: 11    XL:     11   Next: 52%
Magic:  5/11       EV: 13    Int: 14    God:    Okawaru [****..]
Gold:   526        SH: 13    Dex: 20    Spells: 0 memorised, 10 levels left

rFire  . . .     SeeInvis +     s - +3 short sword (protect)
rCold  . . .     Clarity  .     C - +0 large shield
rNeg   . . .     SustAb   .     (helmet restricted)
rPois  .         Gourm    .     n - amulet of guardian spirit
rElec  .         Spirit   +     t - ring of see invisible
rCorr  .         Warding  .     r - +4 ring of dexterity
rMut   .         Stasis   .     (no ring)
MR     .....                    (no ring)
Stlth  ++++++++..               (no ring)
                                (no ring)
                                (no ring)
                                (no ring)

@: lethally poisoned (0 -> -7), heroism, very slightly contaminated, hasted,
very quick, not resistant to hostile enchantments, extraordinarily stealthy
A: almost no armour, amphibious, 8 rings, constrict 8, camouflage 1, gelatinous
body 1
a: Heroism, Renounce Religion


You were on level 10 of the Dungeon.
You worshipped Okawaru.
Okawaru was greatly pleased with you.
You were not hungry.

You visited 3 branches of the dungeon, and saw 12 of its levels.

You collected 691 gold pieces.
You spent 165 gold pieces at shops.

Inventory:

Hand weapons
 a - a +2 dagger
 b - a +0 blowgun
 s - a +3 short sword of protection (weapon)
 H - a +1 falchion of holy wrath
Missiles
 i - 20 stones (quivered)
 u - a throwing net
 D - 19 poisoned needles
Armour
 C - a +0 large shield (worn)
Jewellery
 e - an uncursed amulet of resist mutation
 f - an uncursed amulet of regeneration
 l - an uncursed amulet of clarity
 m - an uncursed amulet of the gourmand
 n - an amulet of guardian spirit (around mantle)
 r - a +4 ring of dexterity (right tentacle)
 t - a ring of see invisible (left tentacle)
 w - a -6 ring of slaying
 A - an uncursed amulet of resist corrosion
Magical devices
 q - a wand of flame (0)
Scrolls
 d - 3 scrolls of enchant armour
 B - 2 scrolls of remove curse
Potions
 c - 2 potions of restore abilities
 j - 3 potions of magic
 k - a potion of cancellation
 J - a potion of brilliance
 O - a potion of agility
Books
 o - a book of Beasts

   Spells                             Type                      Level
   a - Summon Butterflies             Summoning                    1
   b - Call Canine Familiar           Summoning                    3
   c - Summon Ice Beast               Ice/Summoning                4
   d - Summon Mana Viper              Hexes/Summoning              5
   e - Monstrous Menagerie            Summoning                    6
   f - Summon Hydra                   Summoning                    7
 p - a book of the Warp

   Spells                             Type                      Level
   a - Recall                         Summoning/Translocation      3
   b - Control Teleport               Charms/Translocation         4
   c - Force Lance                    Conjuration/Translocation    4
   d - Phase Shift                    Translocation                5
   e - Warp Weapon                    Charms/Translocation         5
   f - Gell's Gravitas                Hexes/Translocation          5
   g - Summon Forest                  Summoning/Translocation      5
 y - a book of Transfigurations

   Spells                             Type                      Level
   a - Stoneskin                      Transmutation/Earth          2
   b - Irradiate                      Conjuration/Transmutation    5
   c - Statue Form                    Transmutation/Earth          6
   d - Hydra Form                     Transmutation                6
   e - Dragon Form                    Transmutation                7
 K - an Akashic Record {highlevel, unknown}

   This book is beyond your current level of understanding.

   Spells                             Type                      Level
   a - Dispersal                      Translocation                6
   b - Controlled Blink               Translocation                7
   c - Malign Gateway                 Summoning/Translocation      7
   d - Disjunction                    Translocation                8
   e - Singularity                    Translocation                9
Comestibles
 g - 4 bread rations
 h - 3 beef jerkies
 z - 2 chunks of flesh
 F - 8 slices of pizza
 G - a meat ration
 I - a royal jelly


   Skills:
 + Level 11.8(16.8) Fighting
 - Level 2.0(12.8) Short Blades
 + Level 11.7(16.7) Long Blades
 - Level 2.0(7.0) Throwing
 - Level 1.0(6.0) Dodging
 - Level 10.1(15.1) Stealth


You had 10 spell levels left.
You didn't know any spells.

Dungeon Overview and Level Annotations

Branches:
Dungeon (10/15)            Temple (1/1) D:4            Lair (1/8) D:9
    Orc: D:9-12

Altars:
Ashenzari
Cheibriados
Dithmenos
Elyvilon
Fedhas
Gozag
Kikubaaqudgha
Makhleb
Nemelex Xobeh
Okawaru
Qazlal
Ru
Sif Muna
Trog
Vehumet
Xom
Yredelemnul
Zin
The Shining One

Shops:
D:4 *   D:7 (

Annotations:
D:5 1 runed door
D:9 exclusion: downstairs
D:10 Sonja


Innate Abilities, Weirdness & Mutations

You cannot wear most types of armour.
You are amphibious.
You can wear up to eight rings at the same time.
You can use your tentacles to constrict many enemies at once.
Your skin changes colour to match your surroundings (Stealth).
Your rubbery body absorbs attacks (AC +1).


Message History

The killer bee stings you but does no damage.
Your shield prevents you from hitting the killer bee.
The killer bee is lightly wounded.
You constrict the killer bee.
* * * LOW HITPOINT WARNING * * *
You feel sick. You block the killer bee's attack.
You puncture the killer bee!
You kill the killer bee!
Okawaru accepts your kill.
Drink which item? (? for menu, Esc to quit)
Okay, then.
Read which item? (? for menu, Esc to quit)
Okay, then.
Drink which item? (? for menu, Esc to quit)
Okay, then.
Use which ability? (? or * to list)
Okay, then.
Drink which item? (? for menu, Esc to quit)
You feel refreshed.
You die...

#...#.# #....#>..... #y....#
#....#...... #.....#
######......
#...#.###############)###
#...#........#...........
#....Z...# #.#...........
#........# #.#...........
######..†###.#...........
#...#..@....##...##.....
#...##########...#######
#...........##..........
#######......##..........
#.....#......##..........
######...#.#......##..........
#........#.#...##.##..###...##
#..##....#.#'####.##..# #...##
#..........#.........#######..


You could see a hound skeleton.

Vanquished Creatures
  A centaur warrior (D:9)
  2 hill giants
  An unseen horror (D:10)
  A cyclops (D:10)
  Maurice (D:9)
  Prince Ribbit (D:7)
  A trapdoor spider zombie (D:10)
  5 yaks
  A wyvern (D:10)
  Eustachio (D:5)
  A deep elf mage (D:9)
  A human (D:10)
  A hippogriff (D:8)
  4 black bears
  A soldier ant (D:5)
  6 orc warriors
  2 necrophages
  2 phantoms
  A sky beast (D:6)
  3 centaurs
  4 ogres
  Sigmund (D:5)
  Blork the orc (D:7)
  A big kobold (D:9)
  2 gnoll sergeants (D:7)
  5 giant frogs
  The ghost of dysrexia the Stinger, an average FeVM of Ashenzari (D:6)
  8 scorpions
  3 killer bees
  4 jellies
  9 orc priests
  A giant frog zombie (D:10)
  A crimson imp (D:7)
  4 goliath beetles
  16 orc wizards
  2 giant frog skeletons
  2 centaur skeletons
  4 hounds (D:7)
  A gnoll shaman (D:7)
  2 iguanas (D:4)
  10 worker ants
  Ijyb (D:2)
  A killer bee zombie (D:7)
  3 sheep (D:10)
  A hound skeleton (D:9)
  7 adders
  18 gnolls
  A giant mite (D:3)
  3 shadow imps
  5 worms
  2 adder zombies
  2 adder skeletons
  5 giant geckos
  An ooze (D:2)
  32 orcs
  4 ball pythons
  A bat skeleton (D:7)
  12 giant cockroaches
  9 goblins
  28 hobgoblins
  22 kobolds
  9 quokkas
  19 bats
  A giant gecko skeleton (D:5)
  3 giant newts
  A giant spore (D:8)
  5 jackals
  19 rats
  A butterfly (D:5)
  2 plants (D:7)
337 creatures vanquished.

Vanquished Creatures (others)
  A plant (D:7)
1 creature vanquished.

Grand Total: 338 creatures vanquished

Notes
Turn   | Place    | Note
--------------------------------------------------------------
     0 | D:1      | McCoppin, the Octopode Assassin, began the quest for the Orb.
     0 | D:1      | Reached XP level 1. HP: 14/14 MP: 1/1
   162 | D:1      | Reached XP level 2. HP: 19/19 MP: 2/2
   213 | D:1      | Reached skill level 6 in Stealth
   865 | D:2      | Reached XP level 3. HP: 24/24 MP: 3/3
  1052 | D:2      | Reached skill level 7 in Stealth
  1056 | D:2      | Noticed Ijyb
  1067 | D:2      | Killed Ijyb
  1086 | D:2      | Reached XP level 4. HP: 29/29 MP: 4/4
  1124 | D:2      | Found a sparkling altar of Nemelex Xobeh.
  1230 | D:3      | Reached skill level 8 in Stealth
  1345 | D:3      | Reached XP level 5. HP: 9/34 MP: 5/5
  1645 | D:3      | Reached skill level 9 in Stealth
  2073 | D:3      | Reached XP level 6. HP: 28/39 MP: 6/6
  2545 | D:3      | Reached skill level 10 in Stealth
  3448 | D:4      | Reached XP level 7. HP: 25/47 MP: 5/7
  3609 | D:4      | Found Schinnen's General Store.
  3610 | D:4      | Found a staircase to the Ecumenical Temple.
  3614 | D:4      | Bought an uncursed ring of see invisible for 165 gold pieces
  3621 | Temple   | Entered the Ecumenical Temple
  4710 | D:5      | Entered Level 5 of the Dungeon
  4810 | D:5      | Reached skill level 5 in Fighting
  4832 | D:5      | Found a runed door.
  4848 | D:5      | Found a runed door.
  4919 | D:5      | Noticed Sigmund
  4924 | D:5      | Found a basalt altar of Yredelemnul.
  4948 | D:5      | Killed Sigmund
  4997 | D:5      | Noticed Eustachio
  5883 | D:5      | Reached XP level 8. HP: 54/58 MP: 6/8
  6164 | D:5      | Killed Eustachio
  6410 | D:5      | Reached skill level 1 in Long Blades
  6903 | D:6      | Found a shadowy altar of Dithmenos.
  6915 | D:6      | Found an iron altar of Okawaru.
  6918 | D:6      | Found a white marble altar of Elyvilon.
  6928 | D:6      | Found a glowing silver altar of Zin.
  6936 | D:6      | Became a worshipper of Warmaster Okawaru
  6953 | D:6      | Noticed dysrexia's ghost (average FeVM)
  7037 | D:6      | Killed dysrexia's ghost
  7382 | D:6      | Reached XP level 9. HP: 66/66 MP: 9/9
  7491 | D:6      | Reached skill level 5 in Long Blades
  8235 | D:6      | Found a deep blue altar of Sif Muna.
  8236 | D:6      | Found a bloodstained altar of Trog.
  8377 | D:7      | Noticed Prince Ribbit
  8928 | D:7      | Noticed Blork the orc
  8933 | D:7      | Found Maata's Antique Weapon Shop.
  8990 | D:6      | Found a glowing golden altar of the Shining One.
  8990 | D:6      | Found a radiant altar of Vehumet.
  9270 | D:7      | Killed Blork the orc
  9270 | D:7      | Acquired Okawaru's first power
  9638 | D:7      | HP: 1/68 [yak (16)]
 10515 | D:7      | Reached XP level 10. HP: 67/74 MP: 2/10
 11849 | D:7      | Killed Prince Ribbit
 12014 | D:8      | Noticed a hill giant
 12073 | D:8      | Killed a hill giant
 12073 | D:8      | Reached skill level 10 in Fighting
 12376 | D:8      | Reached skill level 10 in Long Blades
 12710 | D:9      | Noticed Maurice
 12719 | D:9      | Killed Maurice
 12740 | D:9      | Noticed a centaur warrior
 12743 | D:9      | Killed a centaur warrior
 12877 | D:9      | Found a blossoming altar of Fedhas.
 13023 | D:9      | Reached XP level 11. HP: 60/82 MP: 8/11
 13245 | D:9      | Found a staircase to the Lair.
 13383 | D:9      | Reached skill level 11 in Fighting
 13532 | Lair:1   | Entered Level 1 of the Lair of Beasts
 13532 | Lair:1   | Noticed a seven-headed hydra
 13561 | D:10     | Entered Level 10 of the Dungeon
 13561 | D:10     | Noticed a hill giant
 13564 | D:10     | Killed a hill giant
 14533 | D:10     | Noticed Sonja
 14728 | D:10     | Noticed an unseen horror
 14789 | D:10     | Killed an unseen horror
 15610 | D:10     | Received a gift from Okawaru
 15650 | D:10     | HP: 4/85 [killer bee (1)]
 15656 | D:10     | HP: 1/85 [poisoned by a killer bee]
 15658 | D:10     | Succumbed to a killer bee's poison

Action                   |  1- 3 |  4- 6 |  7- 9 | 10-12 || total
-------------------------+-------+-------+-------+-------++-------
Melee: Dagger            |    36 |   101 |    28 |       ||   165
       Short sword       |       |    11 |   198 |   363 ||   572
       Falchion          |       |       |       |     2 ||     2
 Fire: Blowgun           |    16 |    22 |    77 |    19 ||   134
Throw: Throwing net      |       |       |     5 |     2 ||     7
       Stone             |       |       |       |     2 ||     2
Invok: Heroism           |       |       |       |     1 ||     1
  Use: Scroll            |     2 |     7 |     8 |    13 ||    30
       Potion            |       |     3 |     2 |     6 ||    11
 Stab: Sleeping          |    14 |    16 |    40 |    18 ||    88
       Distracted        |       |       |     5 |     2 ||     7
       Held in net/web   |       |       |     1 |       ||     1
  Eat: Chunk             |     4 |    11 |     3 |    13 ||    31
       Royal jelly       |       |       |     1 |       ||     1
       Fruit             |       |       |     2 |     2 ||     4
       Meat ration       |       |       |     2 |       ||     2
       Beef jerky        |       |       |     1 |       ||     1
       Pizza             |       |       |       |     1 ||     1
